 Dungeon Crawl Stone Soup version 0.26-a0-50-gc4d14cd (webtiles) character file.

Game seed: 6981244069745611091

51 thirtiethelement the Skirmisher (level 3, 0/35 HPs)
             Began as a Gnoll Abyssal Knight on June 5, 2020.
             Was a Follower of Lugonu.
             Slain by an orc
             ... wielding a +0 whip
              (2 damage)
             ... on level 2 of the Dungeon.
             The game lasted 00:03:38 (1471 turns).

thirtiethelement the Skirmisher (GnAK)              Turns: 1471, Time: 00:03:38

Health: 0/35       AC:  3    Str: 15    XL:     3   Next: 81%
Magic:  6/6        EV: 12    Int: 14    God:    Lugonu [*.....]
Gold:   175        SH:  0    Dex: 14    Spells: 3/3 levels left

rFire    . . .     SeeInvis .   a - +1 hand axe
rCold    . . .     Gourm    .   (no shield)
rNeg     . . .     Faith    .   b - +0 leather armour
rPois    .         Spirit   .   (no helmet)
rElec    .         Reflect  .   (no cloak)
rCorr    .         Harm     .   (no gloves)
MR       .....                  (no boots)
Stlth    +.........             (no amulet)
HPRegen  0.11/turn              (no ring)
MPRegen  0.10/turn              (no ring)

@: no status effects
A: distributed training, fangs 1, strong nose
a: Depart the Abyss, Renounce Religion


You were on level 2 of the Dungeon.
You worshipped Lugonu.
Lugonu was aware of your devotion.
You were not hungry.

You visited 1 branch of the dungeon, and saw 2 of its levels.
You visited the Abyss 1 time.

You collected 175 gold pieces.

Inventory:

Hand Weapons
 a - a +1 hand axe (weapon)
Armour
 b - a +0 leather armour (worn)
Potions
 e - a potion of brilliance
Miscellaneous
 d - a box of beasts
Comestibles
 c - 4 rations
 f - 8 chunks of flesh


   Skills:
 + Level 6.5 Fighting
 + Level 0.9 Short Blades
 + Level 0.9 Long Blades
 + Level 4.5 Axes
 + Level 0.9 Maces & Flails
 + Level 0.9 Polearms
 + Level 0.9 Staves
 + Level 0.9 Slings
 + Level 0.9 Bows
 + Level 0.9 Crossbows
 + Level 0.9 Throwing
 + Level 4.5 Armour
 + Level 2.6 Dodging
 + Level 0.9 Stealth
 + Level 0.9 Shields
 + Level 0.9 Unarmed Combat
 + Level 0.9 Spellcasting
 + Level 0.6 Conjurations
 + Level 0.6 Hexes
 + Level 0.6 Charms
 + Level 0.6 Summonings
 + Level 0.6 Necromancy
 + Level 0.6 Translocations
 + Level 0.6 Transmutations
 + Level 0.6 Fire Magic
 + Level 0.6 Ice Magic
 + Level 0.6 Air Magic
 + Level 0.6 Earth Magic
 + Level 0.6 Poison Magic
 + Level 4.6 Invocations
 + Level 0.9 Evocations


You had 3 spell levels left.
You didn't know any spells.
Your spell library was empty.

Dungeon Overview and Level Annotations

Branches:
Dungeon (2/15)

Altars:


Innate Abilities, Weirdness & Mutations

Your experience applies equally to all skills.
You have very sharp teeth.
Your uncanny sense of smell can sniff out nearby items.


Message History

* * * LOW HITPOINT WARNING * * *
Okay, then.
You hit the orc.
The orc is moderately wounded.
You hit the kobold but do no damage. You hit the orc.
The kobold barely misses you.
You closely miss the orc priest.
You bite the orc priest, but do no damage.
You hit the orc. You closely miss the kobold. You hit the orc.
The orc priest barely misses you. The orc barely misses you.
The kobold completely misses you.
You hit the orc priest but do no damage.
You hit the orc. You hit the kobold but do no damage. You hit the orc.
The orc closely misses you. The orc misses you.
The orc priest hits you with a cursed +0 mace.
* * * LOW HITPOINT WARNING * * *
The kobold hits you.
* * * LOW HITPOINT WARNING * * *
The orc hits you with a +0 whip.
You die...

....#.# ...## ###÷#.#
..... . ......##....###.
### .. <...........##..
.. ...
.....####..<...##o. ....
................so .....
.....÷##..###
#So##......
##..#)....###
##K.oK.....
#..#<#.#...###.@o#####.#
#..#...#.#..##...#
...#..##.##......#
##...#.##.#####...#
##....##.# #####
#.#...... ......... ..
.....


You could see a scorpion, an orc priest, an adder, 4 orcs and 2 kobolds.

Vanquished Creatures
  An adder (D:2)
  A worm (D:2)
  A dart slug (D:1)
  A leopard gecko (D:2)
  A ball python (D:1)
  A giant cockroach (D:2)
  4 hobgoblins
  6 jackals
  2 bats (D:1)
  3 frilled lizards
  7 goblins
  3 kobolds (D:1)
  4 rats
35 creatures vanquished.

Notes
Turn   | Place    | Note
-------+----------+-------------------------------------------
     0 | Abyss:1  | thirtiethelement the Gnoll Abyssal Knight began the quest
                  | for the Orb.
     0 | Abyss:1  | Reached XP level 1. HP: 23/23 MP: 3/3
   107 | Abyss:2  | Noticed a small abomination
   107 | Abyss:2  | Noticed a smoke demon
   127 | Abyss:2  | Noticed a worldbinder
   140 | Abyss:2  | Noticed a black mamba
   140 | Abyss:2  | Noticed a naga
   140 | Abyss:2  | Noticed a naga
   140 | Abyss:2  | Noticed a naga
   141 | D:1      | Escaped the Abyss
   651 | D:1      | Reached * piety under Lugonu
   651 | D:1      | Reached XP level 2. HP: 28/29 MP: 5/5
  1125 | D:1      | Reached XP level 3. HP: 35/35 MP: 6/6
  1451 | D:2      | Noticed a scorpion
  1471 | D:2      | Slain by an orc

Illustrated notes

Levels and vault maps discovered:
D:1:      dpeg_chamrin_arrival_tetris, layout_basic
D:2:      layout_rooms

Action                   || total
-------------------------++-------
Melee: Hand axe          ||    79
       Bite              ||     5
Invok: Depart the Abyss  ||     1
  Use: Scroll            ||     2
 Stab: Sleeping          ||     1
  Eat: Chunk             ||     2
Armor: Leather armour    ||    15
Dodge: Dodged            ||    44

Table legend:
 A = Non-vault XP
 B = Vault XP
 C = Vault XP percentage of total XP
 D = Non-vault monster count
 E = Vault monster count
 F = Vault count percentage of total count
                 A         B        C        D         E       F
            +---------+---------+-------+---------+---------+-------
      Total |      73 |       0 |   0.0 |      35 |       0 |   0.0
            +---------+---------+-------+---------+---------+-------
        D:1 |      34 |       0 |   0.0 |      22 |       0 |   0.0
        D:2 |      39 |       0 |   0.0 |      13 |       0 |   0.0
            +---------+---------+-------+---------+---------+-------
